Warning! The script has encountered some errors when parsing the replay. Please report them to the . » details
0x00, prev: 0x16: 16 02 01 00 0D 38 00 00 CB 71 00 00 [00] 00 00 00 00 00 00 00 00 00 00 00 00 00 00 00 00 00 00 00 00 00 00 00 00 00 02 11 00 18 00 03 1A 19 61 6C 62 4F D8 39 00 00 E8 6F 00 00
0x00, prev: 0x00: 16 02 01 00 0D 38 00 00 CB 71 00 00 00 00 00 00 00 00 00 00 00 00 00 00 00 00 00 00 00 00 00 00 00 00 00 00 [00] 00 02 11 00 18 00 03 1A 19 61 6C 62 4F D8 39 00 00 E8 6F 00 00
General information
- name: BNet
- type: Ladder 1vs1/FFA
- host: Battle.net
- saver: yERDEad
map: EchoIsles
- players: 2
- length: 07:35
- speed: Fast
- version: 1.23 W3XP
- replay type: Public
» download(33 KB)
Players
team 1 (winner)
Seductive- (
green | 134 APM | 1016 actions | 07:36)
2 Blademaster
1 Wind Walk
1 Critical Strike
1 Shadow Hunter
1 Hex
» actions
| Assign group hotkey | 22 | |
| Basic commands | 46 | |
| Build / train | 38 | |
| Enter build submenu | 9 | |
| Enter hero's abilities submenu | 3 | |
| Give item / drop item | 1 | |
| Remove unit from queue | 1 | |
| Right click | 205 | |
| Select / deselect | 86 | |
| Select group hotkey | 585 | |
| Use ability | 20 | |
1016 total
» units
| Peon | 8 | |
| Grunt | 6 | |
| Raider | 2 | |
| Spirit Walker | 4 | |
20 total
» upgrades
| Berserker Strength | 1 | |
| Ensnare | 1 | |
2 total
» buildings
| Altar of Storms | 1 | |
| Orc Burrow | 3 | |
| Barracks | 1 | |
| Voodoo Lounge | 1 | |
| Stronghold | 3 | |
| Beastiary | 1 | |
| Spirit Lodge | 1 | |
11 total
» build order
00:11 Altar of Storms
00:18 Orc Burrow
00:34 Barracks
01:33 Orc Burrow
01:49 Voodoo Lounge
02:49 Stronghold
02:49 Stronghold
03:45 Orc Burrow
05:17 Beastiary
05:27 Spirit Lodge
» items
| Healing Salve | 4 | |
| Boots of Speed | 1 | |
| Dust of Appearance | 1 | |
| Lesser Clarity Potion | 1 | |
7 total
team 2 (loser)
yERDEad (
purple | 275 APM | 2089 actions | 07:36)
3 Blademaster
2 Wind Walk
1 Critical Strike
1 Shadow Hunter
1 Hex
» actions
| Assign group hotkey | 97 | |
| Basic commands | 87 | |
| Build / train | 41 | |
| ESC pressed | 2 | |
| Enter build submenu | 10 | |
| Enter hero's abilities submenu | 5 | |
| Right click | 561 | |
| Select / deselect | 123 | |
| Select group hotkey | 1130 | |
| Use ability | 33 | |
2089 total
» units
| Peon | 10 | |
| Grunt | 10 | |
| Raider | 1 | |
| Spirit Walker | 1 | |
22 total
» upgrades
» buildings
| Altar of Storms | 1 | |
| Orc Burrow | 4 | |
| Barracks | 1 | |
| Voodoo Lounge | 1 | |
| Stronghold | 1 | |
| Beastiary | 1 | |
| Spirit Lodge | 1 | |
10 total
» build order
00:06 Altar of Storms
00:14 Orc Burrow
00:37 Barracks
01:33 Orc Burrow
01:51 Voodoo Lounge
03:02 Stronghold
04:44 Orc Burrow
05:54 Beastiary
06:10 Spirit Lodge
06:48 Orc Burrow
» items
| Healing Salve | 3 | |
| Boots of Speed | 2 | |
| Circlet of Nobility | 1 | |
| Dust of Appearance | 1 | |
7 total
Chat log
(00:22 / All) Seductive-: nice stats
(00:32 / All) yERDEad: thanks
(00:33 / All) yERDEad: you too
(00:39 / All) Seductive-: aka
(00:39 / All) Seductive-: ?
(00:45 / All) yERDEad: u abuse?
(00:50 / All) Seductive-: naw
(00:55 / All) yERDEad: ur ell is very low
(01:03 / All) Seductive-: hows that
(01:07 / All) Seductive-: ur 5-0 and i got u
(01:09 / All) yERDEad: ur stats
(01:12 / All) yERDEad: should be finding me
(01:14 / All) yERDEad: should be higher
(01:18 / All) Seductive-: no
(01:22 / All) Seductive-: i would match u
(01:23 / All) yERDEad: yea
(01:29 / All) yERDEad: you should match like 10-0
(01:39 / All) Seductive-: cept no one is 10-0
(01:43 / All) yERDEad: many are lol
(01:52 / All) Seductive-: not searchin
(02:31 / All) Seductive-: wat item u get?
(02:41 / All) yERDEad: hack item
(02:47 / All) Seductive-: ?
(04:26 / All) Seductive-: wow lmaoo
(04:29 / All) yERDEad: lol
(04:37 / All) Seductive-: wth
(04:47 / All) yERDEad: what
(06:32 / All) Seductive-: wtf was i think
(07:35 / All) Seductive-: d